 Dungeon Sprint DCSS version 0.28-a0-1429-gf3d713df7a (webtiles) character file.

Game seed: 12310941648085502236

25960 mhtbhm the Executioner (level 12, -10/208 HPs)
             Began as a Minotaur Berserker on Jan 8, 2022.
             Was a High Priest of Trog.
             Mangled by Kirke (16 damage)
             ... in the Dungeon (Sprint VII: "The Pits").
             The game lasted 00:07:36 (3531 turns).

mhtbhm the Executioner (Minotaur Berserker)         Turns: 3531, Time: 00:07:37

Health: -10/208    AC:  0    Str: 26    XL:     12   Next: 94%
Magic:  11/11      EV: 18    Int:  4    God:    Trog [*****.]
Gold:   31         SH:  0    Dex:  9    Spells: 11/11 levels left

rFire   . . .      SeeInvis .   (weapon currently unavailable)
rCold   . . .      Faith    +   (shield currently unavailable)
rNeg    . . .      Spirit   .   (armour currently unavailable)
rPois   .          Reflect  .   (helmet currently unavailable)
rElec   .          Harm     .   (cloak currently unavailable)
rCorr   .          Rampage  .   (gloves currently unavailable)
Will    .....      NoTele   +   (boots currently unavailable)
Stlth   ..........              A - amulet of faith
HPRegen 0.44/turn               (ring currently unavailable)
MPRegen 0.12/turn               (ring currently unavailable)

@: berserking (expiring), pig-form, slowed, studying Shields, very quick
A: fast, no casting, small, (horns 2), (retaliatory headbutt), clumsy 1
a: Renounce Religion, Berserk, Trog's Hand, Brothers in Arms


You were in the Dungeon.
You worshipped Trog.
Trog was extremely pleased with you.
You were a filthy swine.
You visited 1 branch You collected 31 gold pieces.

Inventory:

Hand Weapons
 a - the +5 battleaxe of Erooduju (melded) {flame, rF+ rN++ Str-2}
   (Trog gifted it to you in the Dungeon)

   It burns those it strikes, dealing additional fire damage.
   Big, fiery blades are also staple armaments of hydra-hunters.
   Str:       It affects your strength (-2).
   rF:        It protects you from fire.
   rN:        It greatly protects you from negative energy.
 o - a +4 vorpal executioner's axe
 q - a +7 antimagic executioner's axe
 z - the +8 battleaxe of Rubbish {holy, Int+2}
   (You found it in the Dungeon)

   It has been blessed by the Shining One to cause great damage to the undead
   and demons.
   Int:       It affects your intelligence (+2).
Missiles
 h - 2 curare-tipped darts
 p - 11 boomerangs (quivered)
Armour
 b - a +4 scale mail (melded)
 n - a +0 cloak (melded)
Jewellery
 k - a +3 ring of protection
 l - a +3 ring of evasion (melded)
 y - a ring of willpower
 A - an amulet of faith (around neck)
 B - a ring of protection from cold (melded)
Scrolls
 j - a scroll of summoning
 r - 6 scrolls of enchant armour
 t - a scroll of fear
 u - 2 scrolls of identify
 w - a scroll of fog
 x - a scroll of enchant weapon
Potions
 c - 4 potions of curing
 d - 4 potions of heal wounds
 e - 5 potions of haste
 f - 4 potions of magic
 g - 6 potions of berserk rage
 i - 2 potions of invisibility
 m - 5 potions of mutation
 v - a potion of might
Miscellaneous
 C - a piece from Xom's chessboard (10/15)


   Skills:
 + Level 22.9 Fighting
 + Level 25.0 Axes
 + Level 16.9 Armour
 + Level 12.1 Dodging
 + Level 5.1 Stealth
 + Level 0.4 Evocations


You had 11 spell levels left.
You didn't know any spells.
Your spell library was empty.

Dungeon Overview and Level Annotations

Branches:
Dungeon (1/1)

Altars:
Gozag
Hepliaklqana
Sif Muna
Trog
Jiyva

Annotations:
D Kirke


Innate Abilities, Weirdness & Mutations

You are a filthy swine.
You move quickly.
Your equipment is almost entirely melded.
You are incapable of wielding weapons or throwing items.
You cannot cast spells.
((You have a pair of horns on your head.))
((You reflexively headbutt those who attack you in melee.))
You are clumsy. (Dex -2)


Message History

Kirke is moderately wounded.
You closely miss Kirke.
Kirke is moderately wounded.
Kirke drinks a potion.
Kirke seems to grow stronger.
You closely miss Kirke.
Kirke is moderately wounded.
Kirke hits you with a +0 scythe!
You bite Kirke!
Kirke is moderately wounded.
The hellwing hits you! The hellwing hits you. Kirke hits you with a +0 scythe!
* * * LOW HITPOINT WARNING * * *
You closely miss Kirke.
Kirke is moderately wounded.
You closely miss Kirke.
Kirke is moderately wounded.
The hellwing hits you!
* * * LOW HITPOINT WARNING * * *
The hellwing misses you. Kirke casts a spell at you.
You feel as though you will be slow longer.
You bite Kirke!
Kirke is heavily wounded.
The hellwing hits you!
* * * LOW HITPOINT WARNING * * *
The hellwing hits you!
* * * LOW HITPOINT WARNING * * *
Kirke points at you and mumbles some strange words.
You feel as though you will be slow longer.
You hit Kirke.
Kirke is heavily wounded.
The hellwing closely misses you. x2; Kirke hits you with a +0 scythe!!
* * * LOW HITPOINT WARNING * * *
Unknown command.
You bite Kirke!
Kirke is heavily wounded.
You closely miss Kirke.
Kirke is heavily wounded.
The hellwing barely misses you. The hellwing closely misses you.
Kirke hits you with a +0 scythe!
You die...

+..........# #..........#
####################..#....#..#
..........@.......''..........#
..................''..........#
################..##..#....#..# #
#f# #..##..........+ # #m#
#@.##..........+ # #h#
#h.####''####''# # #m#
##4.####''####''### #
#.#.#..##..)...##.....
#############)##..##.#)##.##.....
...@)....))†).....##.#[)+.##..###
...........)4.....##.+))# ##..#
#######++###########.#..+ #..#
#######++###########.').# ##..#
..............##..##.##'#.##..#


You could see Kirke (strong) and a hellwing.

Vanquished Creatures
  Ilsuiw (D)
  An iron dragon (D)
  An apis (D)
  A vampire knight (D)
  A lorocyproca (D)
  A fire dragon (D)
  An ice dragon (D)
  A boulder beetle (D)
  A two-headed ogre (D)
  A centaur warrior (D)
  A dancing weapon (D)
  A shadow wraith (D)
  A phantasmal warrior (D)
  A bog body (D)
  A deep elf zephyrmancer (D)
  2 lindwurms (D)
  An orc knight (D)
  4 harpies (D)
  An orc sorcerer (D)
  A merfolk siren (D)
  A cyclops (D)
  An elephant (D)
  A black mamba (D)
  A rust devil (D)
  2 smoke demons (D)
  A cane toad (D)
  An orange demon (D)
  A hellwing (D)
  A demonic crawler (D)
  An efreet (D)
  Psyche (D)
  A rime drake (D)
  A wind drake (D)
  A troll (D)
  A tyrant leech (D)
  2 merfolk (D)
  4 blink frogs (D)
  Prince Ribbit (D)
  13 dream sheep (D)
  A flying skull (D)
  A wraith (D)
  A wyvern (D)
  A neqoxec (D)
  A vampire (D)
  2 hogs (D)
  2 wargs (D)
  A water moccasin (D)
  2 orc warriors (D)
  2 centaurs (D)
  An ogre (D)
  A necrophage (D)
  3 wolves (D)
  An earth elemental (D)
  A scorpion (D)
  A gnoll sergeant (D)
  An iron imp (D)
  3 orc priests (D)
  A jelly (D)
  An orc wizard (D)
  3 gnolls (D)
  2 river rats (D)
  An ufetubus (D)
  An adder zombie (D)
  10 orcs (D)
  A bat skeleton (D)
  2 endoplasms (D)
  A giant cockroach (D)
  2 goblins (D)
  5 jackals (D)
  A kobold (D)
  3 ball pythons (D)
  A ball python simulacrum (D)
  2 rats (D)
123 creatures vanquished.

Vanquished Creatures (collateral kills)
  An orc high priest (D)
  A deep elf zephyrmancer (D)
  A molten gargoyle (D)
  A hornet (D)
  A spriggan (D)
  A hog (D)
  A basilisk (D)
  An orc warrior (D)
  A swamp drake (D)
  A small abomination (D)
  An orc wizard (D)
11 creatures vanquished.

Vanquished Creatures (others)
  A wizard (D)
1 creature vanquished.

Grand Total: 135 creatures vanquished

Notes
Turn   | Place    | Note
-------+----------+-------------------------------------------
     0 | D        | mhtbhm the Minotaur Berserker began the quest for the Orb.
     0 | D        | Reached XP level 1. HP: 19/19 MP: 0/0
    11 | D        | Noticed a centaur
    18 | D        | Reached skill level 4 in Axes
    21 | D        | Killed a centaur
    22 | D        | Reached skill level 7 in Axes
    22 | D        | Reached XP level 2. HP: 20/34 MP: 1/1
    22 | D        | Reached XP level 3. HP: 23/39 MP: 2/2
    22 | D        | Reached XP level 4. HP: 28/47 MP: 3/3
   214 | D        | Reached ** piety under Trog
   265 | D        | Noticed a scorpion
   271 | D        | Killed a scorpion
   272 | D        | Reached skill level 8 in Axes
   272 | D        | Reached XP level 5. HP: 54/56 MP: 4/4
   275 | D        | Noticed an ogre
   276 | D        | Reached *** piety under Trog
   281 | D        | Killed an ogre
   282 | D        | Reached skill level 9 in Axes
   282 | D        | Reached skill level 1 in Stealth
   332 | D        | Found a bloodstained altar of Trog.
   332 | D        | Found a shimmering blue altar of Sif Muna.
   332 | D        | Found a viscous altar of Jiyva.
   332 | D        | Found a hazy altar of Hepliaklqana.
   332 | D        | Found an opulent altar of Gozag.
   355 | D        | Noticed a water moccasin
   355 | D        | Noticed a necrophage
   361 | D        | Killed a water moccasin
   361 | D        | Reached **** piety under Trog
   362 | D        | Reached skill level 10 in Fighting
   362 | D        | Reached skill level 10 in Axes
   362 | D        | Reached skill level 5 in Armour
   362 | D        | Reached skill level 5 in Dodging
   362 | D        | Reached XP level 6. HP: 66/67 MP: 5/5
   365 | D        | Reached skill level 11 in Axes
   375 | D        | Reached ***** piety under Trog
   393 | D        | Reached XP level 7. HP: 74/75 MP: 6/6
   396 | D        | Identified the +5 battleaxe of Erooduju {flame, rF+ rN++
                  | Str-2} (Trog gifted it to you in the Dungeon)
   396 | D        | Received a gift from Trog
   406 | D        | Noticed a blink frog
   406 | D        | Noticed a blink frog
   406 | D        | Noticed a blink frog
   406 | D        | Noticed a blink frog
   412 | D        | Killed a blink frog
   412 | D        | Killed a shadow wraith
   413 | D        | Reached skill level 14 in Axes
   413 | D        | Reached XP level 8. HP: 50/88 MP: 7/7
   416 | D        | Killed a blink frog
   419 | D        | Killed a blink frog
   741 | D        | Killed a blink frog
   742 | D        | Reached skill level 15 in Axes
   764 | D        | Noticed a smoke demon
   764 | D        | Noticed a troll
   767 | D        | Killed a smoke demon
   767 | D        | Reached ****** piety under Trog
   768 | D        | Reached skill level 15 in Fighting
   768 | D        | Reached XP level 9. HP: 91/97 MP: 8/8
   768 | D        | Killed a troll
   769 | D        | Reached skill level 16 in Axes
   792 | D        | Noticed a lindwurm
   801 | D        | Killed a lindwurm
   987 | D        | Received a gift from Trog
   988 | D        | Reached skill level 17 in Axes
   999 | D        | Reached skill level 18 in Axes
   999 | D        | Reached XP level 10. HP: 64/107 MP: 9/9
  1159 | D        | Noticed an orc knight
  1159 | D        | Noticed an orc sorcerer
  1160 | D        | Killed an orc sorcerer
  1161 | D        | Reached skill level 10 in Armour
  1165 | D        | Received a gift from Trog
  1171 | D        | Killed an orc knight
  1172 | D        | Reached skill level 19 in Axes
  1322 | D        | Noticed a smoke demon
  1327 | D        | Noticed a phantasmal warrior
  1334 | D        | Killed a smoke demon
  1336 | D        | Killed a phantasmal warrior
  1531 | D        | Noticed a cane toad
  1531 | D        | Noticed an elephant
  1531 | D        | Noticed a bog body
  1540 | D        | Received a gift from Trog
  1541 | D        | Reached skill level 20 in Axes
  1541 | D        | Killed a cane toad
  1543 | D        | Killed a bog body
  1547 | D        | Reached XP level 11. HP: 118/118 MP: 10/10
  1548 | D        | Reached skill level 10 in Dodging
  1625 | D        | Noticed Prince Ribbit
  1630 | D        | Killed Prince Ribbit
  1633 | D        | Reached skill level 21 in Axes
  1636 | D        | Received a gift from Trog
  1638 | D        | Noticed an orc high priest
  1644 | D        | Received a gift from Trog
  1648 | D        | Noticed a spriggan rider
  1654 | D        | Noticed a deep elf zephyrmancer
  1655 | D        | Noticed a wizard
  1660 | D        | Received a gift from Trog
  1672 | D        | Killed a wizard
  1673 | D        | Killed an orc high priest
  1673 | D        | Received a gift from Trog
  1673 | D        | Killed a deep elf zephyrmancer
  1674 | D        | Reached skill level 22 in Axes
  1714 | D        | Noticed a lindwurm
  1722 | D        | Killed a lindwurm
  1977 | D        | Got the +8 battleaxe of Rubbish {holy, Int+2}
  2073 | D        | Received a gift from Trog
  2211 | D        | Noticed a deep elf zephyrmancer
  2211 | D        | Noticed a two-headed ogre
  2213 | D        | Killed a two-headed ogre
  2215 | D        | Gained mutation: You are clumsy. (Dex -2) [a neqoxec]
  2223 | D        | Killed a deep elf zephyrmancer
  2475 | D        | Noticed a boulder beetle
  2482 | D        | Killed a boulder beetle
  2487 | D        | Received a gift from Trog
  2598 | D        | Noticed a centaur warrior
  2606 | D        | Killed a centaur warrior
  2607 | D        | Reached skill level 23 in Axes
  2616 | D        | Noticed a harpy
  2616 | D        | Noticed a harpy
  2618 | D        | Noticed a harpy
  2618 | D        | Noticed a harpy
  2620 | D        | Killed a harpy
  2620 | D        | Received a gift from Trog
  2621 | D        | Reached XP level 12. HP: 133/133 MP: 11/11
  2623 | D        | Reached skill level 15 in Armour
  2624 | D        | Received a gift from Trog
  2776 | D        | Noticed an iron dragon
  2783 | D        | Killed an iron dragon
  2850 | D        | Noticed a fire dragon
  2850 | D        | Noticed a vampire knight
  2850 | D        | Noticed an apis
  2852 | D        | Received a gift from Trog
  2859 | D        | Killed a fire dragon
  2860 | D        | Reached skill level 24 in Axes
  2865 | D        | Killed a vampire knight
  2865 | D        | Received a gift from Trog
  2869 | D        | Killed an apis
  3403 | D        | Noticed Ilsuiw
  3403 | D        | Noticed an ice dragon
  3403 | D        | Noticed Psyche
  3405 | D        | Killed Psyche
  3412 | D        | Killed an ice dragon
  3427 | D        | Identified the +13 hand axe of the Revolution {flame, rPois
                  | Int-2 Dex+3} (Trog gifted it to you in the Dungeon)
  3427 | D        | Received a gift from Trog
  3435 | D        | Killed a lorocyproca
  3452 | D        | Killed Ilsuiw
  3452 | D        | Received a gift from Trog
  3461 | D        | Received a gift from Trog
  3462 | D        | Reached skill level 5 in Stealth
  3464 | D        | HP: 6/139 [merfolk (12)]
  3466 | D        | Noticed an alligator
  3476 | D        | Noticed Kirke
  3477 | D        | Reached skill level 25 in Axes
  3529 | D        | HP: 6/208 [Kirke (19)]
  3531 | D        | Mangled by Kirke

Illustrated notes

Levels and vault maps discovered:
D:        pitsprint [storerooms_1, entrance_room_1, metal_vault_6, armoury_2,
          mini_pit_1, grid_room_1, main_hall_1, silver_pit, the_coven_2,
          the_vestibule_1, steel_vault_5, golden_pit, hallway_of_sentries,
          crystal_vault_5, iron_vault_2, final_vault]

Skill      XL: |  1  2  3  4  5  6  7  8  9 10 11 12 |
---------------+-------------------------------------+-----
Fighting       | 7 8 10 11 13 15 16 17 20 22 | 22.9
Axes           | 7 8 10 11 14 15 18 20 23 25 | 25.0
Armour         | 3 4 5 6 7 9 11 14 16 | 16.9
Dodging        | 3 4 5 6 7 8 9 11 12 | 12.1
Stealth        | 1 2 3 4 5 |  5.1
Evocations     | |  0.4

Action                   |  1- 3 |  4- 6 |  7- 9 | 10-12 || total
-------------------------+-------+-------+-------+-------++-------
Melee: Hand axe          |     4 |    33 |     5 |       ||    42
       Headbutt          |       |     5 |     8 |    26 ||    39
       Battleaxe         |       |       |    32 |   176 ||   208
       Unarmed           |       |       |       |    10 ||    10
Invok: Berserk           |     1 |       |     1 |     8 ||    10
       Brothers in Arms  |       |       |       |     6 ||     6
Evoke: Piece from Xom's  |       |       |       |     6 ||     6
  Use: Potion            |       |       |       |    14 ||    14
       Scroll            |       |       |       |     2 ||     2
 Stab: Sleeping          |       |     1 |       |       ||     1
       Petrified         |       |       |       |     2 ||     2
       Invisible         |       |       |       |     1 ||     1
Armor: Animal skin       |     3 |     1 |       |       ||     4
       Scale mail        |       |    12 |    19 |    62 ||    93
Dodge: Dodged            |     4 |    23 |    27 |   137 ||   191

Table legend: (Time is in decaauts)
 A = Elapsed time spent in this place.
 B = Non-inter-level travel time spent in this place.
 C = Inter-level travel time spent in this place.
 D = Time resting spent in this place.
 E = Time spent auto-exploring this place.
 F = Levels seen in this place.
 G = Mean time per level.
                   A        B        C        D        E       F      G
               +--------+--------+--------+--------+--------+-----+--------+
         Total |   3538 |   3538 |      0 |   2358 |     31 |   1 | 3538.0 |
       Dungeon |   3538 |   3538 |      0 |   2358 |     31 |   1 | 3538.0 |
               +--------+--------+--------+--------+--------+-----+--------+

Top non-repeatable levels by time:
       D: 3538 daAuts
